 Dungeon Crawl Stone Soup version 0.30.2 (webtiles) character file.

Game seed: 8130645914589234808

148 Strat the Stinger (level 5, -2/31 HPs)
             Began as an Octopode Venom Mage on Feb 12, 2024.
             Slain by a hound (5 damage)
             ... on level 4 of the Dungeon.
             The game lasted 00:05:49 (2949 turns).

Strat the Stinger (Octopode Venom Mage)             Turns: 2949, Time: 00:05:50

Health: -2/31      AC:  5    Str:  7    XL:     5   Next: 30%
Magic:  7/8        EV: 13    Int: 20    God:
Gold:   144        SH:  0    Dex: 12    Spells: 3/9 levels left

rFire   . . .        a - +2 dagger (holy)
rCold   . . .        (no shield)
rNeg    . . .        (helmet restricted)
rPois   .            (no amulet)
rElec   .            d - +4 ring of protection
rCorr   .            (no ring)
SInv    .            (no ring)
Will    .....        (no ring)
Stlth   ++++         (no ring)
HPRegen 0.25/turn    (no ring)
MPRegen 0.11/turn    (no ring)
                     (no ring)

%: no passive effects
@: no status effects
A: almost no armour, amphibious, 8 rings, camouflage 1, gelatinous body 1,
(nimble swimmer 1), tentacles
a: no special abilities


You were on level 4 of the Dungeon.
You visited 1 branch of the dungeon, and saw 4 of its levels.

You collected 144 gold pieces.

Inventory:

Hand Weapons
 a - a +2 dagger of holy wrath (weapon)
 b - a +0 dagger
Jewellery
 d - a +4 ring of protection (left tentacle)
 o - an amulet of faith
Scrolls
 c - 5 scrolls of identify
 e - 2 scrolls of vulnerability {unknown}
 k - a scroll of noise {unknown}
 m - a scroll of fog {unknown}
 n - 2 scrolls of teleportation {unknown}
Potions
 f - a potion of degeneration {unknown}
 g - 2 potions of attraction
 h - a potion of brilliance {unknown}
 i - a potion of might {unknown}
 j - a potion of magic
 l - a potion of flight {unknown}


   Skills:
 - Level 2.0 Dodging
 - Level 5.0 Stealth
 + Level 2.6 Spellcasting
 - Level 1.0 Transmutations
 + Level 5.5 Poison Magic


You had 3 spell levels left.
You knew the following spells:

 Your Spells              Type           Power      Damage    Failure   Level
a - Sting                 Tmut/Pois      60%        1d6       3%          1
b - Poisonous Vapours     Pois/Air       26%        N/A       7%          2
c - Mephitic Cloud        Conj/Pois/Air  10%        N/A       21%         3

Your spell library contained the following spells:

 Spells                   Type           Power      Damage    Failure   Level
 Olgreb's Toxic Radiance  Pois           24%        N/A       16%         4


Dungeon Overview and Level Annotations

Branches:
Dungeon (3/15)

Altars:

Annotations:
D:2 1 runed translucent door, Crazy Yiuf


Innate Abilities, Weirdness & Mutations

You cannot wear most types of armour.
You are amphibious.
You can wear up to eight rings at the same time.
Your skin changes colour to match your surroundings (Stealth+).
Your rubbery body absorbs attacks. (AC +1, EV +1)
((You are camouflaged when in or above water. (Stealth+)))
You have tentacles for arms and can constrict up to eight enemies at once.


Message History

Found a tapered ivory wand.
Found a ring mail.
An ogre comes into view. It is wielding a +0 giant club.
An endoplasm comes into view.
Found a stone staircase leading down.
The ogre shouts!
You hear a shout! x2
An orc priest comes into view. It is wielding a +0 flail.
A giant cockroach comes into view.
A kobold comes into view. It is wielding a +0 short sword.
The kobold throws a stone.
The stone hits you but does no damage.
An adder comes into view.
As you read the scroll labelled UMNACA EGROAN, it crumbles to dust.
It is a scroll of identify.
g - 2 potions of attraction The kobold misses you.
The kobold attacks as you move away! The kobold barely misses you.
The kobold throws a stone.
The stone hits you but does no damage.
The giant cockroach bites you but does no damage.
An orc comes into view. It is wielding a +0 hand axe.
Found a scroll labelled RIOZXEOLECK.
The ogre hits you with a +0 giant club!
* * * LOW HITPOINT WARNING * * *
The kobold throws a stone.
The stone hits you but does no damage.
The giant cockroach bites you but does no damage.
The giant cockroach attacks as you move away!
The giant cockroach barely misses you.
The orc wizard shouts!
You hear a shout!
The giant cockroach misses you.
The orc shouts!
The hound barks!
You hear an angry hiss.
An orc comes into view. It is wielding a +0 short sword.
The orc priest mumbles some strange prayers to Beogh against you.
Beogh smites you!
* * * LOW HITPOINT WARNING * * *
An iguana comes into view.
The orc priest begins to cast a cantrip, but forgets the words!
The giant cockroach attacks as you move away!
The giant cockroach bites you.
* * * LOW HITPOINT WARNING * * *
Found a sapphire potion.
The hound bites you.
You die...

.....###.o......#
S.............###
....#.###......#
. !.# ##K#...[...
#.. #..###....o
#..###O## ##..#
##...#.B.## #.#
#.....h...## .
###...@....#
#.......$oo..
##......#oB..
#......#...$
##.........l
#..##...... ####
..... .....


You could see an ogre, a hound, an orc wizard, 2 orcs, 2 giant cockroaches and a
kobold.

Vanquished Creatures
  A hound (D:3)
  Jessica (D:2)
  2 adders (D:2)
  A worm (D:2)
  A dart slug (D:1)
  4 orcs
  5 ball pythons
  5 bats
  8 endoplasms
  3 giant cockroaches
  4 goblins
  8 hobgoblins
  3 quokkas
  6 frilled lizards
  6 kobolds
  4 rats
62 creatures vanquished.

Notes
Turn   | Place    | Note
-------+----------+-------------------------------------------
     0 | D:1      | Strat the Octopode Venom Mage began the quest for the Orb.
     0 | D:1      | Reached XP level 1. HP: 11/11 MP: 3/3
   137 | D:1      | Reached XP level 2. HP: 17/17 MP: 5/5
   140 | D:1      | Learned a level 2 spell: Poisonous Vapours
   407 | D:1      | Reached XP level 3. HP: 17/21 MP: 3/6
   740 | D:1      | Found a faded altar of an unknown god.
  1546 | D:2      | Noticed Jessica
  1646 | D:2      | Killed Jessica
  1647 | D:2      | Reached skill level 5 in Poison Magic
  1647 | D:2      | Reached XP level 4. HP: 17/27 MP: 1/7
  1719 | D:2      | Reached skill level 5 in Stealth
  1748 | D:2      | Learned a level 3 spell: Mephitic Cloud
  2315 | D:2      | Found a runed translucent door.
  2316 | D:2      | Noticed Crazy Yiuf
  2359 | D:3      | Reached XP level 5. HP: 24/31 MP: 5/8
  2813 | D:3      | You fall into a shaft and drop 1 floor!
  2934 | D:4      | Noticed an ogre
  2949 | D:4      | Slain by a hound

Illustrated notes

Levels and vault maps discovered:
D:1:      psy_arrival_spokes, layout_basic,
          ebering_ecumenical_altar_sacrificial, minmay_misc_feat_rugged,
          minivault_11, dk_noncrumbling_4
D:2:      layout_basic, uniq_crazy_yiuf_cottage, uniq_jessica
D:3:      kennysheep_goblin_castle, layout_basic, uniq_terence
D:4:      layout_cave_pools, kennysheep_generic_room_4, uniq_grinder,
          uniq_natasha, uniq_duvessa

Skill      XL: |  1  2  3  4 |
---------------+-------------+-----
Poison Magic   | 4 5 |  5.5
Stealth        | 3 4 5 |  5.0
Dodging        | |  2.0
Spellcasting   | |  2.6
Transmutations | |  1.0

Action                     |  1- 3 |  4- 6 || total
---------------------------+-------+-------++-------
  Melee: Dagger            |    47 |    38 ||    85
         Constrict         |    12 |     8 ||    20
         Tentacles         |    10 |     5 ||    15
   Cast: Sting             |     6 |     9 ||    15
         Poisonous Vapours |    22 |    21 ||    43
    Use: Scroll            |       |     1 ||     1
   Stab: Sleeping          |     7 |     5 ||    12
 Armour: Skin              |     2 |     8 ||    10
  Dodge: Dodged            |    27 |    19 ||    46
